 Dungeon Crawl Stone Soup version 0.26-a0-672-g1df16c3386 (webtiles) character file.

Game seed: 8248316253431465817

14265 jiml777 the Thaumaturge (level 11, -3/54 HPs)
             Began as a Deep Elf Conjurer on Oct 19, 2020.
             Was an Elder of Sif Muna.
             Slain by a basilisk (6 damage)
             ... while petrified by a basilisk
             ... on level 3 of the Lair of Beasts.
             The game lasted 02:01:58 (16484 turns).

jiml777 the Thaumaturge (Deep Elf Conjurer)        Turns: 16484, Time: 02:01:59

Health: -3/54      AC: 14    Str:  4    XL:     11   Next: 86%
Magic:  8/30       EV:  2    Int: 29    God:    Sif Muna [****..]
Gold:   802        SH:  0    Dex: 15    Spells: 11/36 levels left

rFire    . . .     SeeInvis .   y - +8 morningstar (freeze)
rCold    . . .     Faith    .   (no shield)
rNeg     + + +     Spirit   .   B - +0 steam dragon scales
rPois    ∞         Reflect  .   G - +1 helmet
rElec    .         Harm     .   (no cloak)
rCorr    .         Rampage  .   x - +2 pair of gloves
MR       +....                  r - +1 pair of boots
Stlth    +++.......             (no amulet)
HPRegen  0.18/turn              k - ring of wizardry
MPRegen  0.22/turn              F - ring of poison resistance

@: mighty, lethally poisoned (-3 -> -3), petrified, berserk cooldown, hasted and
slowed
A: slimy green scales 1, agile 1, clever 1
a: Channel Magic, Forget Spell, Divine Exegesis, Renounce Religion


You were on level 3 of the Lair of Beasts.
You worshipped Sif Muna.
Sif Muna was greatly pleased with you.
You visited 3 branches of the dungeon, and saw 13 of its levels.
You also visited: Sewer and Ossuary.

You collected 854 gold pieces.
You spent 52 gold pieces at shops.

Inventory:

Hand Weapons
 s - a +3 scimitar of flaming
 y - a +8 morningstar of freezing (weapon)
 E - the +4 halberd of the Hills {freeze, rPois rN+ Str+4 Int-5}
   (You found it on level 9 of the Dungeon)

   It has been specially enchanted to freeze those struck by it, causing extra
   injury to most foes and up to half again as much damage against particularly
   susceptible opponents.
   It can also slow down cold-blooded creatures.
   It affects your strength (+4).
   It affects your intelligence (-5).
   It protects you from poison.
   It protects you from negative energy.
Missiles
 c - 357 stones
 d - 6 curare-tipped darts
 l - 17 poisoned darts (quivered)
Armour
 a - a +1 robe
 r - a +1 pair of boots (worn)
 x - a +2 pair of gloves (worn)
 B - +0 steam dragon scales (worn)
 G - a +1 helmet (worn)
Jewellery
 k - a ring of wizardry (left hand)
 z - a +6 ring of intelligence
 F - a ring of poison resistance (right hand)
 H - an uncursed ring of resist corrosion
 K - an uncursed ring of protection from fire
Wands
 p - a wand of polymorph (13)
 D - a wand of acid (22)
 J - a wand of random effects (7)
Scrolls
 e - 8 scrolls of teleportation
 h - 7 scrolls of remove curse
 j - 3 scrolls of amnesia
 u - 2 scrolls of blinking
 v - a scroll of fear
 I - 2 scrolls of magic mapping
Potions
 b - 3 potions of brilliance
 f - 3 potions of haste
 i - a potion of might
 m - 4 potions of heal wounds
 n - 2 potions of invisibility
 o - 3 potions of mutation
 q - 2 potions of stabbing
 t - 3 potions of flight
 w - 3 potions of ambrosia
 A - 7 potions of curing
 C - 2 potions of cancellation {unknown}


   Skills:
 - Level 0.2 Fighting
 * Level 4.0 Maces & Flails
 - Level 1.8 Polearms
 - Level 2.2 Armour
 + Level 4.2 Dodging
 + Level 4.9 Stealth
 * Level 13.2 Spellcasting
 * Level 11.2 Conjurations
 * Level 8.0 Hexes
 * Level 5.5 Translocations
 * Level 5.0 Fire Magic
 * Level 1.5 Earth Magic
 * Level 3.9 Invocations
 * Level 2.5 Evocations


You had 11 spell levels left.
You knew the following spells:

 Your Spells              Type           Power        Failure   Level
a - Magic Dart            Conj           ####         1%          1
b - Searing Ray           Conj           ######       1%          2
c - Dazzling Flash        Conj/Hex       ######       1%          3
d - Iskenderun's Mystic   Conj/Tloc      ######..     1%          4
e - Fireball              Conj/Fire      ######....   1%          5
f - Bolt of Magma         Conj/Fire/Erth ######....   2%          5
g - Ensorcelled Hibernat  Hex/Ice        #####.       1%          2
h - Gell's Gravitas       Tloc           ######....   1%          3

Your spell library contained the following spells:

 Spells                   Type           Power        Failure   Level
 Corpse Rot               Necr/Air       N/A          1%          2
 Mephitic Cloud           Conj/Pois/Air  #####...     1%          3
 Portal Projectile        Hex/Tloc       ######       1%          3
 Tukima's Dance           Hex            ######..     1%          3
 Fulminant Prism          Conj/Hex       ######....   1%          4
 Silence                  Hex/Air        #####.....   6%          5
 Orb of Destruction       Conj           ######....   9%          7
 Dispersal                Tloc           ######....   17%         6
 Borgnjor's Vile Clutch   Necr/Erth      ###.......   22%         5
 Disjunction              Tloc           ######....   99%         8


Dungeon Overview and Level Annotations

Branches:
Dungeon (9/15)             Temple (1/1) D:4            Lair (3/6) D:8
 Spider (0/4) Lair:3          Orc (0/2) D:9           Sewer (visited)
Ossuary (visited)
  Swamp: Lair:2-4    Shoals: Lair:2-4

Altars:
Ashenzari
Cheibriados
Dithmenos
Elyvilon
Fedhas
Gozag
Hepliaklqana
Kikubaaqudgha
Makhleb
Nemelex Xobeh
Okawaru
Qazlal
Ru
Sif Muna
Trog
Uskayaw
Vehumet
Wu Jian
Xom
Yredelemnul
Zin
The Shining One

Shops:
D:8 *


Innate Abilities, Weirdness & Mutations

You are partially covered in slimy green scales. (AC +2)
You are agile. (Dex +2)
Your mind is acute. (Int +2)


Message History

The bullfrog hits you. The basilisk gazes at you.
The bullfrog hits you but does no damage.
The cane toad stings you! The basilisk bites you!
* * * LOW HITPOINT WARNING * * *
The bullfrog hits you but does no damage.
A five-headed hydra comes into view.
The cane toad stings you but does no damage.
The bullfrog hits you but does no damage.
The basilisk bites you!
* * * LOW HITPOINT WARNING * * *
The basilisk bites you but does no damage.
The cane toad stings you but does no damage.
The bullfrog hits you but does no damage.
The basilisk bites you!
* * * LOW HITPOINT WARNING * * *
The bullfrog hits you but does no damage.
The basilisk bites you!
You die...

##P.?##.#.P###.# .
#..P...........#. ..
#............... .D.
#.....?.......# ....
#............#
.....#............##
......F............##†.
...[..l@.......<.†....>
.....#l.F..........#.†.
... #..............†# .
##.###.#.#+#.###.. ###
####.. ... . .......
#..##..l ... #.P


You could see a five-headed hydra, a cane toad, 2 basilisks and a bullfrog.

Vanquished Creatures
  Harold (D:9)
  Erica (D:8)
  3 black mambas
  2 cane toads (Lair:2)
  2 komodo dragons (Lair:2)
  A hornet (Lair:3)
  4 blink frogs (Lair:2)
  A basilisk (Lair:1)
  3 yaks (Lair:2)
  4 wyverns
  3 steam dragons
  2 wargs (D:8)
  5 water moccasins
  A hornet zombie (D:9)
  4 orc warriors
  3 sky beasts
  An ice beast (D:5)
  Purgy (Sewer)
  3 phantoms
  3 black bears
  20 wolves
  A necrophage (D:8)
  9 ogres
  7 centaurs
  A big kobold (D:8)
  An elf zombie (D:5)
  6 bullfrogs
  3 elf skeletons (D:5)
  A wyvern skeleton (D:8)
  3 scorpions
  4 wights (D:6)
  8 killer bees
  2 electric eels (Lair:1)
  4 howler monkeys
  A centaur zombie (D:6)
  2 crimson imps (D:7)
  A jelly (D:9)
  7 orc priests
  2 hounds (D:5)
  2 bullfrog skeletons
  A centaur skeleton (D:6)
  A human skeleton (D:5)
  6 orc wizards
  2 iguanas
  10 worker ants
  2 hound zombies
  14 mummies (Ossuary)
  A howler monkey skeleton (D:6)
  4 gnolls (D:4)
  13 adders
  2 river rats (D:3)
  7 white imps
  4 ufetubi
  An ooze (D:1)
  An adder skeleton (D:6)
  4 worms
  A dart slug (D:1)
  3 leopard geckos
  25 orcs
  3 bats
  10 giant cockroaches
  5 goblins
  6 hobgoblins
  3 jackals
  8 kobolds
  4 quokkas
  2 ball pythons (D:5)
  5 frilled lizards
  2 gnoll skeletons (Ossuary)
  3 goblin skeletons (Ossuary)
  2 kobold skeletons (Ossuary)
  2 orc skeletons
  A quokka zombie (D:7)
  6 rats
  11 rat skeletons (Ossuary)
308 creatures vanquished.

Vanquished Creatures (others)
  11 fungi
  37 plants
48 creatures vanquished.

Grand Total: 356 creatures vanquished

Notes
Turn   | Place    | Note
-------+----------+-------------------------------------------
     0 | D:1      | jiml777 the Deep Elf Conjurer began the quest for the Orb.
     0 | D:1      | Reached XP level 1. HP: 10/10 MP: 6/6
   172 | D:1      | Reached XP level 2. HP: 15/15 MP: 1/8
   241 | D:1      | Reached skill level 5 in Conjurations
   276 | D:1      | Learned a level 2 spell: Searing Ray
  1024 | D:2      | Reached XP level 3. HP: 4/19 MP: 3/9
  2321 | D:3      | Reached XP level 4. HP: 24/24 MP: 8/11
  2579 | D:3      | Found a glowing drain.
  2589 | D:3      | Reached skill level 1 in Armour
  2592 | Sewer    | Entered a sewer
  3035 | Sewer    | Noticed Purgy
  3049 | Sewer    | Killed Purgy
  3049 | Sewer    | Reached skill level 4 in Spellcasting
  3049 | Sewer    | Reached XP level 5. HP: 10/28 MP: 1/13
  3574 | D:3      | Found a basalt altar of Yredelemnul.
  3857 | D:3      | Learned a level 3 spell: Dazzling Flash
  3862 | D:3      | Learned a level 4 spell: Iskenderun's Mystic Blast
  4519 | D:4      | Found an ancient bone altar of Kikubaaqudgha.
  4520 | D:4      | Noticed an ogre
  4525 | D:4      | Killed an ogre
  4525 | D:4      | Reached skill level 5 in Spellcasting
  4525 | D:4      | Reached skill level 1 in Hexes
  4525 | D:4      | Reached skill level 1 in Translocations
  4525 | D:4      | Reached XP level 6. HP: 32/32 MP: 8/15
  4953 | D:4      | Found a staircase to the Ecumenical Temple.
  4964 | Temple   | Entered the Ecumenical Temple
  4992 | Temple   | Became a worshipper of Sif Muna the Loreminder
  5342 | D:4      | Reached XP level 7. HP: 31/36 MP: 13/17
  5596 | D:5      | Entered Level 5 of the Dungeon
  5642 | D:5      | Reached skill level 6 in Spellcasting
  6272 | D:5      | Found an opulent altar of Gozag.
  6324 | D:5      | Reached skill level 7 in Spellcasting
  6324 | D:5      | Reached XP level 8. HP: 31/41 MP: 8/20
  6338 | D:5      | Reached * piety under Sif Muna
  6340 | D:5      | Found a sand-covered staircase.
  6349 | Ossuary  | Entered an ossuary
  6507 | Ossuary  | Reached skill level 1 in Polearms
  6876 | Ossuary  | Reached ** piety under Sif Muna
  7017 | Ossuary  | Gained mutation: You are partially covered in slimy green
                  | scales. (AC +2) [potion of mutation]
  7017 | Ossuary  | Gained mutation: You are agile. (Dex +2) [potion of
                  | mutation]
  7017 | Ossuary  | Gained mutation: Your mind is acute. (Int +2) [potion of
                  | mutation]
  7422 | D:5      | Reached skill level 8 in Spellcasting
  7829 | D:6      | Found a shimmering altar of Xom.
  7831 | D:6      | Found a shimmering altar of Xom.
  7833 | D:6      | Found a shimmering altar of Xom.
  7833 | D:6      | Found a shimmering altar of Xom.
  7834 | D:6      | Found a shimmering altar of Xom.
  7834 | D:6      | Found a shimmering altar of Xom.
  7835 | D:6      | Found a shimmering altar of Xom.
  7835 | D:6      | Found a shimmering altar of Xom.
  7896 | D:6      | Reached XP level 9. HP: 45/45 MP: 14/23
  8146 | D:6      | Reached skill level 9 in Spellcasting
  8381 | D:6      | Identified the Compendium of the Bewitching Arsonist
  8389 | D:6      | Learned a level 5 spell: Fireball
  8405 | D:6      | Reached skill level 5 in Hexes
  8409 | D:6      | Reached skill level 1 in Maces & Flails
  9002 | D:7      | Found a sparkling altar of Nemelex Xobeh.
  9011 | D:7      | Reached *** piety under Sif Muna
  9372 | D:7      | Found a hide-covered altar of Uskayaw.
  9893 | D:7      | Found a burning altar of Makhleb.
  9943 | D:7      | Reached skill level 10 in Spellcasting
 10184 | D:8      | Found a staircase to the Lair.
 10198 | D:8      | Reached XP level 10. HP: 25/50 MP: 8/26
 10385 | D:8      | Found Olourph's General Store.
 10396 | D:8      | Bought a cursed amulet of inaccuracy for 26 gold pieces
 10396 | D:8      | Bought a scroll of identify for 26 gold pieces
 10742 | D:8      | Noticed Erica
 10753 | D:8      | Killed Erica
 11006 | D:8      | Reached **** piety under Sif Muna
 11138 | D:8      | Reached skill level 10 in Conjurations
 11241 | D:8      | Reached skill level 1 in Invocations
 11592 | D:9      | Got a steaming halberd
 11592 | D:9      | Identified the +4 halberd of the Hills {freeze, rPois rN+
                  | Str+4 Int-5} (You found it on level 9 of the Dungeon)
 11600 | D:9      | Found a staircase to the Orcish Mines.
 11610 | D:9      | Reached skill level 1 in Evocations
 11839 | D:9      | Reached skill level 11 in Spellcasting
 11893 | D:9      | Noticed Harold
 11904 | D:9      | Found a radiant altar of Vehumet.
 11920 | D:9      | Killed Harold
 12129 | D:9      | Found a glowing golden altar of the Shining One.
 12581 | D:9      | Found an iron altar of Okawaru.
 12942 | D:8      | Reached XP level 11. HP: 54/54 MP: 18/28
 13001 | Lair:1   | Entered Level 1 of the Lair of Beasts
 13585 | Lair:1   | Reached skill level 12 in Spellcasting
 13987 | Lair:1   | Reached skill level 5 in Translocations
 13994 | Lair:1   | Learned a level 5 spell: Bolt of Magma
 14672 | Lair:2   | Reached ***** piety under Sif Muna
 14672 | Lair:2   | Received a gift from Sif Muna
 15002 | Lair:2   | Learned a level 2 spell: Ensorcelled Hibernation
 15802 | Lair:2   | Reached skill level 1 in Earth Magic
 15902 | Lair:2   | Identified the Catalogue of Dung
 15918 | Lair:2   | Learned a level 3 spell: Gell's Gravitas
 16138 | Lair:2   | Reached skill level 13 in Spellcasting
 16441 | Lair:3   | Found a hole to the Spider Nest.
 16444 | Lair:3   | Reached skill level 5 in Fire Magic
 16482 | Lair:3   | Noticed a five-headed hydra
 16484 | Lair:3   | Slain by a basilisk

Illustrated notes

Levels and vault maps discovered:
D:1:      lemuel_arrival_funnel, layout_basic, kennysheep_boxes
D:2:      kb_forest_paths, layout_basic, serial_forest,
          infiniplex_forest_clump_double, infiniplex_forest_clump_tiny,
          infiniplex_forest_corner_2, infiniplex_forest_clump_cross,
          infiniplex_forest_lined_room_2
D:3:      layout_basic, yredelemnul_altar_generic, portal_sewer_entry_a
D:4:      layout_basic, kiku_gazebo_garden_becter, minmay_temple_entry_mist,
          hangedman_decor_opposing
D:5:      layout_cave_pools, kennysheep_mini_moat,
          nicolae_ossuary_entry_catacombs
D:6:      layout_loops_cross, xom_redecorated
D:7:      cheibrodos_steamvent, layout_loops_cross, lemuel_crystal_altar,
          makhleb_grotto_becter, nicolae_overflow_crystal_walls,
          minmay_fire_ice_demons
D:8:      minmay_razor_zed, layout_rooms, erik_lair_orcish_takeover,
          serial_shops, shop, uniq_erica
D:9:      layout_cave_pods, kennysheep_mini, lemuel_crystal_altar,
          marbit_many_paths, david_orc_2, uniq_harold
Temple:   nicolae_temple_hex_pool
Lair:1:   layout_long_grid, serial_bayou_shore_a
Lair:2:   layout_roguey
Lair:3:   layout_roguey, elwin_shoals_entry_stream,
          nicolae_spider_entry_non_spiders, beast_lair_carwin_1

Skill      XL: |  1  2  3  4  5  6  7  8  9 10 11 |
---------------+----------------------------------+-----
Conjurations   | 5 6 7 8 9 10 11 | 11.2
Armour         | 1 2 |  2.2
Spellcasting   | 4 5 7 8 10 11 13 | 13.2
Hexes          | 1 2 3 4 5 7 8 |  8.0
Translocations | 1 2 3 4 5 |  5.5
Stealth        | 3 4 |  4.9
Dodging        | 3 4 |  4.2
Polearms       | 1 |  1.8
Maces & Flails | 1 3 4 |  4.0
Fire Magic     | 3 4 5 |  5.0
Invocations    | 2 3 |  3.9
Evocations     | 1 2 |  2.5
Earth Magic    | 1 |  1.5
Fighting       | |  0.2

Action                   |  1- 3 |  4- 6 |  7- 9 | 10-12 || total
-------------------------+-------+-------+-------+-------++-------
Melee: Dagger            |    12 |     9 |       |       ||    21
       Trident           |       |       |    19 |       ||    19
       Morningstar       |       |       |    16 |    20 ||    36
Throw: Dart              |       |       |       |     2 ||     2
 Cast: Magic Dart        |    52 |    86 |    43 |    44 ||   225
       Searing Ray       |     1 |     9 |    99 |    81 ||   190
       Fireball          |       |       |     9 |    30 ||    39
       Dazzling Flash    |       |       |       |     1 ||     1
       Ensorcelled Hiber |       |       |       |     3 ||     3
       Gell's Gravitas   |       |       |       |     2 ||     2
  Use: Scroll            |     9 |     5 |    15 |     4 ||    33
       Potion            |       |       |     1 |    10 ||    11
Armor: Robe              |     1 |     3 |    22 |       ||    26
       Ring mail         |    10 |    29 |       |       ||    39
       Steam dragon scal |       |       |     2 |    63 ||    65
Dodge: Dodged            |     8 |    40 |    61 |   117 ||   226

Table legend: (Time is in decaauts)
 A = Elapsed time spent in this place.
 B = Non-inter-level travel time spent in this place.
 C = Inter-level travel time spent in this place.
 D = Time resting spent in this place.
 E = Time spent auto-exploring this place.
 F = Levels seen in this place.
 G = Mean time per level.
                   A        B        C        D        E       F      G
               +--------+--------+--------+--------+--------+-----+--------+
         Total |  16506 |  16190 |    316 |   6513 |   6303 |  15 | 1100.4 |
       Dungeon |  11407 |  11143 |    264 |   3990 |   5021 |   9 | 1267.4 |
        Temple |     99 |     79 |     20 |      0 |     75 |   1 |   99.0 |
          Lair |   3492 |   3460 |     32 |   1636 |   1099 |   3 | 1164.0 |
         Sewer |    754 |    754 |      0 |    544 |      5 |   1 |  754.0 |
       Ossuary |    752 |    752 |      0 |    343 |    103 |   1 |  752.0 |
               +--------+--------+--------+--------+--------+-----+--------+

Top non-repeatable levels by time:
  Lair:2: 1954 daAuts
  Lair:1: 1500 daAuts
     D:9: 1450 daAuts
     D:5: 1428 daAuts
     D:3: 1389 daAuts
     D:8: 1368 daAuts
     D:7: 1299 daAuts
     D:4: 1252 daAuts
     D:2: 1217 daAuts
     D:6: 1114 daAuts
     D:1: 886 daAuts
   Sewer: 754 daAuts
 Ossuary: 752 daAuts
  Temple: 99 daAuts
  Lair:3: 37 daAuts
